 Dungeon Crawl Stone Soup version 0.31-a0-237-g2d982f9f85 (webtiles) character file.

Game seed: 7706578254495955998

516 LeprechaunX the Insei (level 7, 0/45 HPs)
             Began as an Octopode Transmuter on July 12, 2023.
             Was an Initiate of Cheibriados.
             Killed from afar by Dowan (11 damage)
             ... with a puff of frost
             ... on level 6 of the Dungeon.
             The game lasted 00:17:19 (3605 turns).

LeprechaunX the Insei (Octopode Transmuter)         Turns: 3605, Time: 00:17:19

Health: 0/45       AC:  2    Str: 13    XL:     7   Next: 20%
Magic:  10/11      EV: 20    Int: 16    God:    Cheibriados [......]
Gold:   261        SH:  0    Dex: 18    Spells: 6/12 levels left

rFire   . .          .
                       - Unarmed
rCold   . . .        (shield currently unavailable)
rNeg    . . .        (helmet currently unavailable)
rPois   x            v - amulet of regeneration
rElec   .            (no ring)
rCorr   .            (no ring)
SInv    .            (no ring)
Will    .....        (no ring)
Stlth   ++           (no ring)
HPRegen 1.07/turn    (no ring)
MPRegen 0.12/turn    (no ring)
                     (no ring)

%: no passive effects
@: spider-form (expiring), very slow
A: venomous fangs, almost no armour, (amphibious), 8 rings, tiny, (camouflage
1), (gelatinous body 1), (nimble swimmer 1), (tentacles)
a: End Transformation, Renounce Religion


You were on level 6 of the Dungeon.
You worshipped Cheibriados.
Cheibriados was noncommittal.
You were a venomous arachnid creature.
You visited 2 branches of the dungeon, and saw 7 of its levels.

You collected 261 gold pieces.

Inventory:

Hand Weapons
 b - a +0 sling
 w - a +4 flail of pain
Missiles
 g - 6 poisoned darts
 p - 40 stones
Jewellery
 v - an amulet of regeneration (around neck)
Wands
 r - a wand of digging (9)
Scrolls
 i - 3 scrolls of identify {unknown}
 j - a scroll of fog {unknown}
 k - a scroll of noise {unknown}
 l - 2 scrolls of enchant armour {unknown}
 m - a scroll of blinking {unknown}
 q - a scroll of amnesia {unknown}
 s - a scroll of enchant weapon {unknown}
 t - a scroll of immolation {unknown}
 u - a scroll of silence {unknown}
 y - a scroll of teleportation {unknown}
Potions
 a - a potion of lignification
 c - a potion of might {unknown}
 d - 2 potions of heal wounds {unknown}
 e - 2 potions of mutation {unknown}
 f - 3 potions of curing {unknown}
 h - 2 potions of resistance {unknown}
 n - a potion of degeneration {unknown}
 o - a potion of invisibility {unknown}
 x - a potion of enlightenment {unknown}
 z - a potion of ambrosia {unknown}


   Skills:
 + Level 2.8 Fighting
 - Level 3.1 Dodging
 + Level 4.9 Unarmed Combat
 + Level 3.1 Spellcasting
 * Level 4.3 Transmutations
 + Level 1.0 Invocations


You had 6 spell levels left.
You knew the following spells:

 Your Spells              Type           Power      Damage    Failure   Level
a - Beastly Appendage     Tmut           32%        N/A       11%         1
b - Wereblood             Tmut           16%        N/A       14%         2
c - Spider Form           Tmut/Pois      9%         N/A       43%         3

Your spell library contained the following spells:

 Spells                   Type           Power      Damage    Failure   Level
 Freeze                   Ice            8%         1d3       38%         1
 Frozen Ramparts          Ice            4%         1d1       71%         3
 Hailstorm                Conj/Ice       2%         3d3       71%         3
 Ice Form                 Ice/Tmut       9%         N/A       78%         4
 Summon Ice Beast         Ice/Summ       2%         N/A       96%         4
 Summon Mana Viper        Hex/Summ       2%         N/A       100%        5
 Monstrous Menagerie      Summ           1%         N/A       100%        7


Dungeon Overview and Level Annotations

Branches:
Dungeon (6/15)             Temple (1/1) D:4

Altars:
Ashenzari
Cheibriados
Fedhas
Kikubaaqudgha
Makhleb
Nemelex Xobeh
Qazlal
Sif Muna
Trog
Uskayaw
Vehumet
Wu Jian
Xom
Yredelemnul
Zin
The Shining One

Annotations:
D:6 Dowan, Duvessa


Innate Abilities, Weirdness & Mutations

You are a venomous arachnid creature.
You have venomous fangs.
You are tiny and dextrous.
Your spellcasting is less reliable in this form.
Your armour is entirely melded.
You are incapable of wielding weapons or throwing items.
You cannot wear most types of armour.
((You are amphibious.))
You can wear up to eight rings at the same time.
((Your skin changes colour to match your surroundings (Stealth+).))
((Your rubbery body absorbs attacks. (AC +1, EV +1)))
((You are camouflaged when in or above water. (Stealth+)))
((You have tentacles for arms and can constrict up to eight enemies at once.))


Message History

* * * LOW HITPOINT WARNING * * *
Found a stone staircase leading down.
The phantom attacks as you move away! The phantom hits you.
* * * LOW HITPOINT WARNING * * *
You hit the phantom.
The phantom is heavily damaged.
The phantom barely misses you.
You hit the phantom.
The phantom is severely damaged.
The phantom completely misses you. The phantom closely misses you.
You hit the phantom.
The phantom is almost destroyed.
The phantom hits you but does no damage.
Your transformation is almost over.
There is a stone staircase leading down here.
The phantom completely misses you.
You climb downwards.
Found a bone wand.
There is a stone staircase leading up here.
You hit the phantom.
The phantom is almost destroyed.
The phantom misses you.
You barely miss the phantom.
The phantom is almost destroyed.
Duvessa shouts!
Dowan shouts!
The phantom barely misses you. The phantom barely misses you.
You climb upwards.
The ogre misses you.
There is a stone staircase leading down here.
The ogre misses you. The phantom hits you!
You climb downwards.
Level annotation: Dowan, Duvessa Duvessa says, "Where magic fails, the sword succeeds!"
Duvessa hits you with a +0 short sword.
* * * LOW HITPOINT WARNING * * *
Dowan says, "My weaknesses are her strengths!"
Dowan points at you and mumbles some strange words.
The puff of frost hits you!
You die...

##......##
.........#
.........#
#o......#
##.......#
.........
#.....O#
#.....s#
#..e.eW#
#......#
#......#
+..../.#
#......#
#......#
#......#


You could see Duvessa, an ogre, a phantom, Dowan and an orc (wandering).

Vanquished Creatures
  Eustachio (D:4)
  A gnoll bouda (D:4)
  Jessica (D:3)
  An iguana (D:4)
  2 orc wizards (D:3)
  12 gnolls
  5 adders
  A worm (D:2)
  3 dart slugs
  4 orcs
  8 ball pythons
  6 bats
  6 endoplasms
  2 giant cockroaches (D:3)
  8 goblins
  3 hobgoblins
  7 jackals
  2 quokkas
  4 frilled lizards
  5 kobolds
  7 rats
89 creatures vanquished.

Vanquished Creatures (others)
  A ball python (D:3)
1 creature vanquished.

Grand Total: 90 creatures vanquished

Notes
Turn   | Place    | Note
-------+----------+-------------------------------------------
     0 | D:1      | LeprechaunX the Octopode Transmuter began the quest for the
                  | Orb.
     0 | D:1      | Reached XP level 1. HP: 13/13 MP: 3/3
   137 | D:1      | Reached XP level 2. HP: 12/18 MP: 5/5
   408 | D:1      | Reached XP level 3. HP: 22/23 MP: 6/6
  1134 | D:2      | Reached XP level 4. HP: 28/28 MP: 7/7
  1468 | D:3      | Reached XP level 5. HP: 8/34 MP: 6/8
  1490 | D:3      | HP: 1/34 [something (2)]
  1671 | D:3      | Noticed Jessica
  1682 | D:3      | Killed Jessica
  2115 | D:2      | Reached XP level 6. HP: 39/39 MP: 8/10
  2398 | D:4      | Noticed Eustachio
  2506 | D:4      | Learned a level 2 spell: Wereblood
  2510 | D:4      | Learned a level 3 spell: Spider Form
  2798 | D:4      | Found a staircase to the Ecumenical Temple.
  2822 | Temple   | Entered the Ecumenical Temple
  2990 | Temple   | Became a worshipper of Cheibriados the Contemplative
  3144 | D:4      | Killed Eustachio
  3145 | D:4      | Reached skill level 1 in Invocations
  3145 | D:4      | Reached XP level 7. HP: 38/45 MP: 8/11
  3498 | D:5      | Entered Level 5 of the Dungeon
  3599 | D:6      | Noticed Duvessa
  3599 | D:6      | Noticed Dowan
  3605 | D:6      | Killed from afar by Dowan

Illustrated notes

Levels and vault maps discovered:
D:1:      mrwooster_arrival_arrow, layout_basic, minmay_3d_cube
D:2:      layout_loops_ring
D:3:      layout_basic, minmay_misc_feat_alley, solitary_fountain, st_stairs_4,
          uniq_jessica
D:4:      layout_loops_cross, minmay_temple_entry_trees, minivault_11,
          uniq_eustachio
D:5:      layout_basic, minmay_overflow_temple_star_quad,
          grunt_dithmenos_smoke_and_mirrors
D:6:      layout_gridville, nicolae_gozag_seed_capital, minivault_24,
          uniq_duvessa
Temple:   nicolae_temple_bog_church

Skill      XL: |  1  2  3  4  5  6 |
---------------+-------------------+-----
Fighting       | 2 |  2.8
Unarmed Combat | 4 |  4.9
Transmutations | 3 4 |  4.3
Dodging        | 3 |  3.1
Spellcasting   | 3 |  3.1
Invocations    | 1 |  1.0

Action                     |  1- 3 |  4- 6 |  7- 9 || total
---------------------------+-------+-------+-------++-------
  Melee: Unarmed           |    83 |   106 |    17 ||   206
         Constrict         |    24 |    27 |     2 ||    53
         Tentacles         |    12 |    20 |     3 ||    35
         Kick              |     5 |    22 |       ||    27
   Fire: Sling             |       |    28 |     4 ||    32
   Cast: Beastly Appendage |     5 |    21 |       ||    26
         Spider Form       |       |     2 |     1 ||     3
         Wereblood         |       |     1 |       ||     1
   Stab: Sleeping          |     3 |     2 |     2 ||     7
 Armour: Skin              |     6 |     7 |     1 ||    14
  Dodge: Dodged            |    64 |    88 |    19 ||   171

Table legend: (Time is in decaauts)
 A = Elapsed time spent in this place.
 B = Non-inter-level travel time spent in this place.
 C = Inter-level travel time spent in this place.
 D = Time resting spent in this place.
 E = Time spent auto-exploring this place.
 F = Levels seen in this place.
 G = Mean time per level.
                   A        B        C        D        E       F      G
               +--------+--------+--------+--------+--------+-----+--------+
         Total |   3748 |   3189 |    559 |    321 |   1559 |   7 |  535.4 |
       Dungeon |   3554 |   3038 |    516 |    321 |   1443 |   6 |  592.3 |
        Temple |    194 |    152 |     42 |      0 |    116 |   1 |  194.0 |
               +--------+--------+--------+--------+--------+-----+--------+

Top non-repeatable levels by time:
     D:2: 1061 daAuts
     D:4: 860 daAuts
     D:3: 810 daAuts
     D:1: 695 daAuts
  Temple: 194 daAuts
     D:5: 122 daAuts
     D:6: 3 daAuts
